 Dungeon Crawl Stone Soup version 0.26.1-11-gd32895ea62 (webtiles) character file.

Game seed: 15672046014301497767

188 Almogavar the Stinger (level 5, -6/28 HPs)
             Began as a Tengu Venom Mage on May 28, 2021.
             Was an Initiate of Nemelex Xobeh.
             Mangled by a phantom (8 damage)
             ... on level 4 of the Dungeon.
             The game lasted 00:13:58 (4577 turns).

Almogavar the Stinger (Tengu Venom Mage)            Turns: 4577, Time: 00:13:59

Health: -6/28      AC:  3    Str:  9    XL:     5   Next: 67%
Magic:  2/11       EV: 13    Int: 16    God:    Nemelex Xobeh [......]
Gold:   159        SH:  0    Dex: 14    Spells: 7/10 levels left

rFire    + . .     SeeInvis .   j - +0 dagger
rCold    + . .     Faith    .   (no shield)
rNeg     . . .     Spirit   .   r - +0 robe {rC+ rF+}
rPois    .         Reflect  .   (helmet restricted)
rElec    .         Harm     .   (no cloak)
rCorr    .         Rampage  .   a - +0 pair of gloves
Will     .....                  (boots unavailable)
Stlth    ++........             b - amulet of the acrobat
HPRegen  0.09/turn              (no ring)
MPRegen  0.12/turn              (no ring)

@: no status effects
A: beak, talons 3, able to fly
a: Fly, Renounce Religion, Draw Escape, Draw Destruction, Draw Summoning


You were on level 4 of the Dungeon.
You worshipped Nemelex Xobeh.
Nemelex Xobeh was noncommittal.
You visited 2 branches of the dungeon, and saw 5 of its levels.

You collected 159 gold pieces.

Inventory:

Hand Weapons
 j - a +0 dagger (weapon)
Armour
 a - a +0 pair of gloves (worn)
 d - a +0 leather armour
 r - a +0 robe of resistance (worn)
Jewellery
 b - an amulet of the acrobat (around neck)
Wands
 m - a wand of polymorph (11)
Scrolls
 e - a scroll of remove curse {unknown}
 g - a scroll of amnesia
 h - 2 scrolls of teleportation
 n - a scroll of fear {unknown}
 p - a scroll of blinking {unknown}
Potions
 f - a potion of haste {unknown}
 i - a potion of brilliance {unknown}
 k - a potion of curing {unknown}
 l - a potion of flight {unknown}
 o - 2 potions of might {unknown}


   Skills:
 + Level 0.2 Fighting
 + Level 2.6 Dodging
 + Level 2.1 Stealth
 + Level 3.4 Spellcasting
 + Level 2.0 Transmutations
 + Level 1.2 Air Magic
 + Level 4.1 Poison Magic


You had 7 spell levels left.
You knew the following spells:

 Your Spells              Type           Power        Failure   Level
a - Sting                 Tmut/Pois      48%          4%          1
b - Poisonous Vapours     Pois/Air       22%          9%          2

Your spell library contained the following spells:

 Spells                   Type           Power        Failure   Level
 Ignite Poison            Fire/Tmut/Pois 9%           22%         3
 Mephitic Cloud           Conj/Pois/Air  8%           26%         3
 Olgreb's Toxic Radiance  Pois           16%          32%         4


Dungeon Overview and Level Annotations

Branches:
Dungeon (4/15)             Temple (1/1) D:4

Altars:
Dithmenos
Kikubaaqudgha
Nemelex Xobeh
The Shining One


Innate Abilities, Weirdness & Mutations

You have a beak for a mouth.
You have claws for feet.
You can fly continuously.


Message History

The phantom hits you!
You miss the phantom. Your kick misses the phantom.
Your peck misses the phantom.
The phantom is heavily damaged.
The phantom barely misses you.
You hit the phantom but do no damage. Your kick misses the phantom.
The phantom is heavily damaged.
The phantom misses you.
You hit the phantom but do no damage.
The phantom is heavily damaged.
The phantom misses you.
You closely miss the phantom. You claw the phantom.
The phantom is heavily damaged.
The phantom hits you!
* * * LOW HITPOINT WARNING * * *
You miss the phantom.
The phantom is heavily damaged.
The phantom hits you!
You die...
Your body disappears without a glow.

#........# #........#
#........# ###........#
#..........# #....#
#..........# # #...>#
#..........# ####....#
#...@W.....#
..##....#####..........#
#.##...................#
...#...................#
.#.....................#
###.#..................#
###..##................#
.##...##...............#
.##....##....ยง.........#


You could see a phantom.

Vanquished Creatures
  A centaur skeleton (D:4)
  An orc wizard (D:3)
  4 adders
  3 worms
  2 dart slugs
  3 leopard geckos
  4 orcs (D:3)
  3 giant cockroaches
  13 goblins
  11 hobgoblins
  8 jackals
  5 kobolds
  2 quokkas (D:2)
  4 bats
  7 rats
71 creatures vanquished.

Notes
Turn   | Place    | Note
-------+----------+-------------------------------------------
     0 | D:1      | Almogavar the Tengu Venom Mage began the quest for the Orb.
     0 | D:1      | Reached XP level 1. HP: 10/10 MP: 4/4
   335 | D:1      | Reached XP level 2. HP: 15/15 MP: 1/6
   403 | D:1      | Learned a level 2 spell: Poisonous Vapours
   435 | D:1      | You fall into a shaft and drop 1 floor!
  1055 | D:2      | Reached skill level 1 in Transmutations
  1193 | D:2      | Reached XP level 3. HP: 16/19 MP: 4/7
  1475 | D:2      | Found a faded altar of an unknown god.
  2021 | D:2      | Reached XP level 4. HP: 15/24 MP: 2/8
  3790 | D:3      | Reached skill level 4 in Poison Magic
  3790 | D:3      | Gained mutation: You can fly continuously. [Tengu growth]
  3790 | D:3      | Reached XP level 5. HP: 12/28 MP: 3/10
  3817 | D:3      | Reached skill level 1 in Air Magic
  4490 | D:4      | Found a staircase to the Ecumenical Temple.
  4496 | Temple   | Entered the Ecumenical Temple
  4504 | Temple   | Became a worshipper of Nemelex Xobeh the Trickster
  4531 | D:4      | Noticed a phantom
  4577 | D:4      | Mangled by a phantom

Illustrated notes

Levels and vault maps discovered:
D:1:      amcnicky_arrival_single_pillar, layout_basic
D:2:      minmay_chambers_of_ones, layout_loops_ring,
          chequers_ecumenical_altar_island, grunt_decor_one_mirror
D:3:      layout_basic
D:4:      layout_gridville, minmay_temple_entry_wispy, uniq_natasha
Temple:   regret_index_temple_mists

Skill      XL: |  1  2  3  4  5 |
---------------+----------------+-----
Transmutations | 1 2 |  2.0
Spellcasting   | 3 |  3.4
Poison Magic   | 4 |  4.1
Air Magic      | 1 |  1.2
Fighting       | |  0.2
Dodging        | |  2.6
Stealth        | |  2.1

Action                   |  1- 3 |  4- 6 || total
-------------------------+-------+-------++-------
Melee: Unarmed           |     3 |       ||     3
       Peck              |     1 |     5 ||     6
       Dagger            |     7 |    20 ||    27
       Kick              |     3 |     4 ||     7
 Cast: Sting             |    65 |    56 ||   121
       Poisonous Vapours |     7 |    22 ||    29
  Use: Scroll            |       |     3 ||     3
Armor: Robe              |     3 |     8 ||    11
Dodge: Dodged            |    44 |    41 ||    85
